 Dungeon Crawl Stone Soup version 0.21-a0-110-g8e1637b (webtiles) character file.

77849 Dolanko the Bludgeoner (level 15, -26/124 HPs)
             Began as a Demonspawn Gladiator on July 5, 2017.
             Was the Champion of Wu Jian.
             Killed from afar by a thorn hunter (27 damage)
             ... with a volley of thorns
             ... on level 2 of the Swamp on July 9, 2017.
             The game lasted 01:10:04 (26972 turns).

Dolanko the Bludgeoner (Demonspawn Gladiator)      Turns: 26972, Time: 01:10:04

Health: -26/124    AC: 20    Str: 22    XL:     15   Next: 16%
Magic:  0/15       EV: 12    Int: 12    God:    Wu Jian [******]
Gold:   1888       SH:  0    Dex: 16    Spells: 14/14 levels left

rFire    + . .     SeeInvis .   f - +2 dire flail
rCold    . . .     Gourm    +   (shield currently unavailable)
rNeg     . . .     Faith    .   F - +3 plate armour {rPois}
rPois    +         Spirit   +   (helmet restricted)
rElec    .         Reflect  .   J - +0 cloak
rCorr    .         Harm     .   (gloves unavailable)
MR       ++...                  (no boots)
Stlth    ..........             h - amulet of the gourmand
HPRegen  0.30/turn              b - +3 ring of strength
MPRegen  0.14/turn              u - ring of stealth

@: very slow
A: claws 3, horns 1, talons 2, camouflage 1, clever 1, fire resistance 1, ignite
blood, magic resistance 1, magic shield, flame cloud immunity, MP-powered wands
a: Serpent's Lash, Heavenly Storm, Renounce Religion


You were on level 2 of the Swamp.
You worshipped Wu Jian.
Wu Jian was exalted by your worship.
You were not hungry.

You visited 5 branches of the dungeon, and saw 21 of its levels.
You also visited: Sewer.

You collected 2174 gold pieces.
You spent 286 gold pieces at shops.

Inventory:

Hand Weapons
 f - a +2 dire flail (weapon)
 B - a +1 flail of crushing
 K - a +0 dire flail of protection
Missiles
 d - 3 throwing nets (quivered)
Armour
 E - a +5 plate armour of fire resistance
 F - a +3 plate armour of poison resistance (worn)
 J - a +0 cloak (worn)
Jewellery
 b - a +3 ring of strength (left claw)
 h - an amulet of the gourmand (around neck)
 u - a ring of stealth (right claw)
Wands
 a - a wand of confusion (23/48)
 e - a wand of flame (38/48)
 j - a wand of confusion (9/48)
 m - a wand of polymorph (12/24)
 n - a wand of lightning (10/15)
 s - a wand of lightning (8/15)
 D - a wand of flame (0/48)
 G - a wand of flame (18/48)
Scrolls
 k - 3 scrolls of fog
 o - 4 scrolls of identify
 q - 3 scrolls of amnesia
 r - 4 scrolls of immolation
 t - 2 scrolls of recharging
 w - 2 scrolls of magic mapping
 y - 4 scrolls of remove curse
Potions
 i - a potion of flight
 p - 4 potions of curing
 v - a potion of magic
 x - a potion of might
 A - 2 potions of brilliance
 C - a potion of agility
 H - a potion of berserk rage
Miscellaneous
 I - a phantom mirror
Comestibles
 c - 5 bread rations
 g - 13 fruits
 l - 13 meat rations
 z - 15 royal jellies


   Skills:
 + Level 13.4 Fighting
 - Level 15.5 Maces & Flails
 - Level 1.7 Throwing
 + Level 12.4 Armour
 * Level 9.0 Dodging


You had 14 spell levels left.
You didn't know any spells.

Dungeon Overview and Level Annotations

Branches:
Dungeon (10/15)            Temple (1/1) D:5            Lair (6/6) D:9
  Swamp (2/4) Lair:4        Snake (0/4) Lair:3        Slime (0/5) Lair:5
    Orc (2/2) D:10            Elf (0/3) Orc:2

Altars:
Ashenzari
Cheibriados
Dithmenos
Elyvilon
Fedhas
Gozag
Hepliaklqana
Kikubaaqudgha
Makhleb
Nemelex Xobeh
Okawaru
Qazlal
Ru
Sif Muna
Trog
Uskayaw
Vehumet
Wu Jian
Xom
Yredelemnul
Zin
The Shining One
Beogh

Shops:
D:4 (!   D:5 [   D:9 :   Orc:2 [?:}[

Annotations:
Lair:6 exclusion: 6 oklob plants


Innate Abilities, Weirdness & Mutations

You have claws for hands.
You have a pair of small horns on your head.
You have razor-sharp toenails.
Your flesh is heat resistant. (rF+)
Your demonic aura causes spilled blood to erupt in flames.
When hurt, damage is shared between your health and your magic reserves.
You are immune to clouds of flame.
Your skin changes colour to match your surroundings (Stealth+).
Your mind is acute. (Int +2)
You are resistant to hostile enchantments. (MR+)
You expend magic power (3 MP) to strengthen your wands.


Message History

Your thorn hunter gestures.
Thorny briars emerge from the ground!
Your briar patch cannot move out of your way!
Unknown command.
Your briar patch is engulfed in blazing flames.
You destroy your briar patch!
The thorn hunter fires a volley of thorns at you.
The volley of thorns hits you!
* * * LOW HITPOINT WARNING * * *
You enter the shallow water.
Moving in this stuff is going to be slow.
The thorn hunter fires a volley of thorns at you.
The volley of thorns hits you!
* * * LOW HITPOINT WARNING * * *
Your thorn hunter hits the thorn hunter!
Your thorn hunter hits the thorn hunter but does no damage.
Your thorn hunter hits the thorn hunter! x2
The thorn hunter fires a volley of thorns at you.
The volley of thorns hits you!
You die...

♣.♣♣♣§..♣ ♣..♣♣
.≈≈≈≈≈.♣. ♣...♣
.≈.♣♣..≈♣♣ ♣..♣♣ .
.≈≈≈♣ ♣♣..♣ .♣..
♣♣...♣ ♣♣≈≈..♣
♣...≈.♣ ♣♣.≈...♣♣
♣.≈≈.≈...♣ ♣♣§P@.≈..♣
♣.(.≈♣≈≈.♣ ♣§fP≈♣♣.♣♣
..≈≈.♣≈≈.♣♣♣♣Pf.♣♣♣♣♣
......≈≈..♣♣.P≈≈♣
...≈≈!.≈≈.♣..♣.♣♣
≈≈$!..≈≈≈.♣≈≈≈.♣
PPPP≈≈≈≈....≈≈♣♣
♣..≈≈...≈♣.≈.♣
..♣P.≈(≈≈≈..≈.♣


You could see a thorn hunter and a friendly thorn hunter.

Vanquished Creatures
  Saint Roka (Orc:2)
  A thorn hunter (Swamp:2)
  Josephine (Orc:1)
  9 hydras
  A catoblepas (Lair:6)
  A deep troll shaman (Lair:6)
  6 two-headed ogres
  An orc high priest (Orc:1)
  A tengu warrior (D:10)
  An ogre mage (Orc:2)
  An alligator (Swamp:1)
  The ghost of Musica the Thaumaturge, a journeyman DEIE of Sif Muna (Orc:2)
  12 death yaks (Lair:6)
  A spriggan (Swamp:1)
  3 swamp dragons (Swamp:1)
  An orc knight (Orc:2)
  A lindwurm (Lair:6)
  A cyclops (D:10)
  13 orc sorcerers
  6 elephants
  2 black mambas (Lair:6)
  12 spiny frogs
  2 rime drakes
  11 komodo dragons
  3 polar bears
  A queen bee (D:8)
  3 trolls
  A hornet (Swamp:1)
  21 blink frogs
  3 slime creatures (Swamp:2)
  4 bog bodies
  Sigmund (D:4)
  9 hippogriffs
  5 wraiths (Orc:1)
  35 yaks
  2 basilisks
  A hungry ghost (D:7)
  A fire elemental (Orc:2)
  6 vampire mosquitoes
  A steam dragon (Lair:2)
  6 nagas (Lair:3)
  Menkaure (D:5)
  6 insubstantial wisps (Swamp:1)
  13 water moccasins
  A warg (Orc:2)
  9 swamp worms
  21 orc warriors
  9 porcupines
  5 swamp drakes
  An ice beast (D:10)
  2 sky beasts
  4 black bears
  15 wolves
  A centaur (D:6)
  14 ogres
  7 crocodiles
  A big kobold (D:10)
  20 bullfrogs
  3 scorpions
  5 wights (D:6)
  22 killer bees
  3 electric eels
  4 howler monkeys (D:10)
  5 crimson imps
  A bullfrog zombie (D:9)
  A centaur zombie (D:9)
  8 hounds
  10 orc priests
  18 jellies
  4 centaur skeletons
  7 iguanas
  32 orc wizards
  5 worker ants
  A killer bee zombie (D:6)
  5 hound skeletons
  A worker ant zombie (D:10)
  16 adders
  A howler monkey skeleton (D:9)
  3 river rats
  2 shadow imps
  2 oozes
  3 adder skeletons
  An adder zombie (D:8)
  4 worms
  2 dart slugs
  4 leopard geckos
  71 orcs
  A ball python (Sewer)
  7 bats
  5 giant cockroaches
  4 goblins
  6 hobgoblins
  11 jackals
  6 kobolds
  2 quokkas
  14 frilled lizards
  A giant cockroach zombie (D:5)
  2 jackal zombies (D:5)
  18 rats
  A briar patch (Swamp:2)
  A plant (Lair:6)
646 creatures vanquished.

Vanquished Creatures (others)
  2 orc wizards (Orc:2)
  2 orcs
  3 briar patches (Swamp:2)
  3 fungi
  A plant (Lair:1)
11 creatures vanquished.

Grand Total: 657 creatures vanquished

Notes
Turn   | Place    | Note
-------+----------+-------------------------------------------
     0 | D:1      | Dolanko the Demonspawn Gladiator began the quest for the Orb.
     0 | D:1      | Reached XP level 1. HP: 16/16 MP: 1/1
   183 | D:1      | Gained mutation: Your flesh is heat resistant. (rF+) [demonic ancestry]
   183 | D:1      | Reached XP level 2. HP: 23/23 MP: 2/2
   258 | D:1      | Reached skill level 3 in Maces & Flails
  1098 | D:2      | Reached XP level 3. HP: 28/28 MP: 3/3
  1294 | D:2      | Reached skill level 1 in Armour
  1842 | D:2      | Reached XP level 4. HP: 34/34 MP: 4/4
  2187 | D:2      | Reached skill level 4 in Maces & Flails
  2397 | D:3      | Found a stormy altar of Qazlal.
  3047 | D:4      | Found Xymn's Distillery.
  3087 | D:4      | Gained mutation: You have a pair of small horns on your head. [demonic ancestry]
  3087 | D:4      | Reached XP level 5. HP: 37/40 MP: 5/5
  3290 | D:4      | Bought a potion of heal wounds for 55 gold pieces
  3412 | D:4      | Found a glowing drain.
  3456 | Sewer    | Entered a sewer
  4266 | D:4      | Gained mutation: You are immune to clouds of flame. [demonic ancestry]
  4266 | D:4      | Reached XP level 6. HP: 41/47 MP: 6/6
  4377 | D:4      | Noticed Sigmund
  4386 | D:4      | Gained mutation: You expend magic power (3 MP) to strengthen your wands. [potion of mutation]
  4386 | D:4      | Gained mutation: Your mind is acute. (Int +2) [potion of mutation]
  4386 | D:4      | Gained mutation: You are resistant to hostile enchantments. (MR+) [potion of mutation]
  4386 | D:4      | Gained mutation: Your skin changes colour to match your surroundings (Stealth+). [potion of mutation]
  4388 | D:4      | Killed Sigmund
  4388 | D:4      | Reached skill level 5 in Maces & Flails
  4389 | D:4      | Reached XP level 7. HP: 21/53 MP: 0/7
  4601 | D:4      | Found Rucaol's Weapon Shop.
  4667 | D:5      | Entered Level 5 of the Dungeon
  4667 | D:5      | Found Dacluut's Armour Shop.
  5098 | D:5      | Reached skill level 6 in Maces & Flails
  5135 | D:5      | Found a staircase to the Ecumenical Temple.
  5161 | Temple   | Entered the Ecumenical Temple
  5181 | Temple   | Became a worshipper of the Wu Jian Council
  5430 | D:5      | Noticed Menkaure
  5443 | D:5      | Killed Menkaure
  5600 | D:5      | Found a sparkling altar of Nemelex Xobeh.
  5779 | D:5      | Found an ancient bone altar of Kikubaaqudgha.
  5986 | D:5      | Found a shadowy altar of Dithmenos.
  5987 | D:5      | Found a hide-covered altar of Uskayaw.
  6042 | D:5      | Found a deep blue altar of Sif Muna.
  6189 | D:6      | Found a shattered altar of Ashenzari.
  6207 | D:6      | Gained mutation: You have sharp fingernails. [demonic ancestry]
  6207 | D:6      | Reached XP level 8. HP: 47/61 MP: 8/8
  6525 | D:6      | Reached * piety under Wu Jian
  6525 | D:6      | Reached skill level 5 in Fighting
  6530 | D:6      | Reached skill level 7 in Maces & Flails
  6993 | D:6      | Reached skill level 5 in Armour
  7473 | D:6      | Reached skill level 8 in Maces & Flails
  7992 | D:7      | Gained mutation: You have sharp toenails. [demonic ancestry]
  7992 | D:7      | Reached XP level 9. HP: 69/69 MP: 9/9
  8187 | D:7      | Reached skill level 9 in Maces & Flails
  8521 | D:8      | Reached ** piety under Wu Jian
  9252 | D:8      | Upgraded the game from 0.21-a0-95-g06f091e to 0.21-a0-110-g8e1637b
  9470 | D:8      | Noticed a two-headed ogre
  9483 | D:8      | Killed a two-headed ogre
  9483 | D:8      | Reached skill level 10 in Maces & Flails
  9483 | D:8      | Gained mutation: You have very sharp fingernails. [demonic ancestry]
  9483 | D:8      | Reached XP level 10. HP: 14/79 MP: 10/10
 10498 | D:8      | Noticed a two-headed ogre
 10510 | D:8      | Killed a two-headed ogre
 10826 | D:9      | Found Ofoqemuer's Book Emporium.
 10839 | D:9      | Reached skill level 11 in Maces & Flails
 11312 | D:9      | Reached *** piety under Wu Jian
 11660 | D:9      | Found a staircase to the Lair.
 11852 | D:9      | Reached XP level 11. HP: 86/87 MP: 11/11
 11898 | D:10     | Entered Level 10 of the Dungeon
 11914 | D:10     | Found a runed door.
 11964 | D:10     | Noticed a two-headed ogre
 11964 | D:10     | Noticed a two-headed ogre
 11964 | D:10     | Noticed a tengu warrior
 11964 | D:10     | Noticed a two-headed ogre
 11987 | D:10     | Killed a tengu warrior
 11996 | D:10     | Killed a two-headed ogre
 12397 | D:10     | Killed a two-headed ogre
 12398 | D:10     | Killed a two-headed ogre
 12747 | D:10     | Found a staircase to the Orcish Mines.
 13701 | D:10     | Reached skill level 12 in Maces & Flails
 13847 | Lair:1   | Entered Level 1 of the Lair of Beasts
 14137 | Lair:1   | Reached **** piety under Wu Jian
 14522 | Lair:1   | Reached skill level 10 in Fighting
 14629 | Lair:1   | Noticed a four-headed hydra
 14653 | Lair:1   | Killed a four-headed hydra
 14654 | Lair:1   | Gained mutation: When hurt, damage is shared between your health and your magic reserves. [demonic ancestry]
 14654 | Lair:1   | Reached XP level 12. HP: 66/97 MP: 4/12
 14994 | Lair:1   | Noticed an eight-headed hydra
 15001 | Lair:1   | Killed an eight-headed hydra
 15458 | Lair:1   | Reached skill level 13 in Maces & Flails
 16430 | Lair:3   | Noticed a seven-headed hydra
 16436 | Lair:3   | Killed a seven-headed hydra
 16679 | Lair:3   | Reached ***** piety under Wu Jian
 16784 | Lair:3   | Found a staircase to the Snake Pit.
 16790 | Lair:3   | Reached skill level 10 in Armour
 17166 | Lair:3   | Reached skill level 14 in Maces & Flails
 17462 | Lair:3   | Noticed a seven-headed hydra
 17468 | Lair:3   | Killed a seven-headed hydra
 17579 | Lair:3   | You fall through a shaft for 2 floors!
 17758 | Lair:5   | Found a staircase to the Slime Pits.
 17786 | Lair:5   | Gained mutation: Your demonic aura causes spilled blood to erupt in flames. [demonic ancestry]
 17786 | Lair:5   | Reached XP level 13. HP: 88/106 MP: 11/13
 18850 | Lair:4   | Found a staircase to the Swamp.
 19632 | Lair:6   | Entered Level 6 of the Lair of Beasts
 19871 | Lair:6   | Reached ****** piety under Wu Jian
 20123 | Lair:6   | Reached skill level 15 in Maces & Flails
 21085 | Lair:6   | Gained mutation: You have razor-sharp toenails. [demonic ancestry]
 21085 | Lair:6   | Reached XP level 14. HP: 34/115 MP: 4/14
 21984 | Orc:1    | Entered Level 1 of the Orcish Mines
 22016 | Orc:1    | Reached skill level 5 in Dodging
 22022 | Orc:1    | Noticed Josephine
 22030 | Orc:1    | Killed Josephine
 22582 | Orc:2    | Entered Level 2 of the Orcish Mines
 23183 | Orc:2    | Found a staircase to the Elven Halls.
 23269 | Orc:2    | Found Jehot's Armour Emporium.
 23305 | Orc:2    | Noticed Saint Roka
 23676 | Orc:2    | Killed Saint Roka
 23984 | Orc:2    | Bought a +0 cloak for 76 gold pieces
 24029 | Orc:2    | Found Zuukk's Gadget Boutique.
 24056 | Orc:2    | Noticed Musica's ghost (journeyman DEIE)
 24057 | Orc:2    | Found an ancient bone altar of Kikubaaqudgha.
 24403 | Orc:2    | Killed Musica's ghost
 24543 | Orc:2    | Found Ynnueset's Book Shop.
 24586 | Orc:2    | Found a radiant altar of Vehumet.
 24637 | Orc:2    | Found a roughly hewn altar of Beogh.
 24679 | Orc:2    | Found Yjiwum's Antique Armour Boutique.
 24765 | Orc:2    | Found Eda Gynk's Magic Scroll Boutique.
 24793 | Orc:2    | Bought a scroll of immolation for 45 gold pieces
 24793 | Orc:2    | Bought a scroll of magic mapping for 45 gold pieces
 24793 | Orc:2    | Bought a scroll of identify for 26 gold pieces
 24793 | Orc:2    | Bought a scroll of remove curse for 39 gold pieces
 25278 | Swamp:1  | Entered Level 1 of the Swamp
 25807 | Swamp:1  | Gained mutation: You have claws for hands. [demonic ancestry]
 25807 | Swamp:1  | Reached XP level 15. HP: 102/124 MP: 12/15
 26441 | Swamp:2  | Noticed a thorn hunter
 26459 | Swamp:2  | Killed a thorn hunter
 26950 | Swamp:2  | Noticed a thorn hunter
 26972 | Swamp:2  | HP: 1/124 [thorn hunter/volley of thorns (22)]
 26972 | Swamp:2  | Killed from afar by a thorn hunter

Vault maps used:
D:1:      lemuel_arrival_room
D:3:      grunt_qazlal_sundering
D:4:      serial_shops, shop_fountains, nicolae_shop_behind_doors, first_bread,
          portal_sewer_entry_b, grunt_ministairs_14, serial_bayou_pond_d,
          uniq_sigmund
D:5:      cheibrodos_helix_gallery, overflow_temple_1_default,
          lemuel_doored_altar, kennysheep_mini_moat,
          gammafunk_temple_overflow_statue, minmay_temple_entry_hall,
          serial_shops, shop_fountains, uniq_menkaure
D:6:      cheibrodos_ashenzari_chains
D:8:      david_nohive_1
D:9:      erik_lair_island, serial_shops, nicolae_shop_trees
D:10:     orc_0_dummy, minmay_st_funbox
Temple:   lightli_temple_of_artemis
Lair:1:   st_stairs_11, infiniplex_staircase_pool_2, lemuel_fruit_fields
Lair:3:   minmay_snake_entry_guardpost_large, beast_lair_carwin_11
Lair:4:   nicolae_swamp_entry_splash_gauntlet, gammafunk_lair_bear_cave
Lair:5:   minmay_slime_entry_jelly_boxes, cheibrodos_lair_reptile_den,
          grunt_megastairs_1
Lair:6:   grunt_lair_end_beastmaster, dpeg_oklob_1
Swamp:1:  evilmike_swamp_ruin_house_6
Swamp:2:  evilmike_swamp_ruin_rubble_1
Orc:1:    uniq_josephine
Orc:2:    kennysheep_orc_mage_school, serial_shops, shop, uniq_saint_roka
Sewer:    sewer_co_cracked_pipes

Skill      XL: |  1  2  3  4  5  6  7  8  9 10 11 12 13 14 15 |
---------------+----------------------------------------------+-----
Maces & Flails | 3 4 5 6 8 10 11 12 14 15 | 15.5
Armour         | 1 2 3 4 5 6 7 9 10 11 12 | 12.4
Fighting       | 3 4 5 7 8 10 11 12 13 | 13.4
Dodging        | 3 8 9 |  9.0
Throwing       | |  1.7

Action                   |  1- 3 |  4- 6 |  7- 9 | 10-12 | 13-15 || total
-------------------------+-------+-------+-------+-------+-------++-------
Melee: Flail             |   129 |   254 |   423 |    19 |       ||   825
       Headbutt          |       |    18 |    85 |   141 |   196 ||   440
       Kick              |       |       |    51 |   267 |   317 ||   635
       Dire flail        |       |       |       |   790 |   918 ||  1708
Invok: Heavenly Storm    |       |       |       |       |     1 ||     1
Evoke: Wand              |       |     2 |     1 |    13 |     5 ||    21
       Phantom mirror    |       |       |       |       |     1 ||     1
  Use: Scroll            |     3 |     9 |     7 |    18 |     6 ||    43
       Potion            |       |     8 |     9 |     2 |     9 ||    28
  Eat: Chunk             |     3 |     9 |    23 |    27 |    24 ||    86
       Bread ration      |       |       |     4 |       |       ||     4
Armor: Chain mail        |    92 |   201 |    59 |       |       ||   352
       Plate armour      |       |       |   218 |   349 |   310 ||   877
       Skin              |       |       |     5 |       |       ||     5
Dodge: Dodged            |    55 |   132 |   157 |   222 |   216 ||   782
